 Dungeon Crawl Stone Soup version 0.31-a0-865-g3d5d91748a (webtiles) character file.

Game seed: 15595660807763541203

63 MackTheKnife the Insei (level 4, -2/25 HPs)
             Began as a Kobold Shapeshifter on Oct 10, 2023.
             Slain by an orc
             ... wielding a +0 club
              (3 damage)
             ... on level 3 of the Dungeon.
             The game lasted 00:01:59 (1848 turns).

MackTheKnife the Insei (Kobold Shapeshifter)        Turns: 1848, Time: 00:02:00

Health: -2/25      AC:  3    Str: 13    XL:     4   Next: 30%
Magic:  4/4        EV: 14    Int: 11    God:
Gold:   119        SH:  0    Dex: 14    Spells: 3/3 levels left

rFire   . .          .
                       - Unarmed
rCold   . . .        (no shield)
rNeg    . . .        e - +0 leather armour
rPois   .            (helmet currently unavailable)
rElec   .            (cloak currently unavailable)
rCorr   +            (gloves currently unavailable)
SInv    .            (boots currently unavailable)
Will    .....        (no amulet)
Stlth   ++           f - ring of resist corrosion
HPRegen 0.24/turn    (no ring)
MPRegen 0.09/turn

%: no passive effects
@: beast-form
A: beast (slay +1), small, no large weapons, nightstalker 3
a: Begin Untransformation


You were on level 3 of the Dungeon.
You were a hulking beast.
You visited 1 branch of the dungeon, and saw 3 of its levels.

You collected 183 gold pieces.
You spent 64 gold pieces at shops.


Innate Abilities, Weirdness & Mutations

You are a hulking beast.
Your limbs bulge with bestial killing power. (Slay +1)
You are small and have problems with some larger weapons.
You are completely attuned to the shadows.


   Skills:
 - Level 1.1 Fighting
 - Level 2.4 Dodging
 + Level 4.8 Unarmed Combat
 - Level 3.0 Shapeshifting


You had 3 spell levels left.
You didn't know any spells.
Your spell library was empty.

Inventory:

Missiles
 a - 2 atropa-tipped darts {throwing}
Armour
 e - a +0 leather armour (worn)
   (You found it on level 1 of the Dungeon)
 j - a +0 helmet
   (You found it on level 1 of the Dungeon)
Jewellery
 f - a ring of resist corrosion (left hand)
   (You found it on level 1 of the Dungeon)
Talismans
 c - a beast talisman (active)
 d - a flux talisman
Scrolls
 g - a scroll of enchant armour
 h - 2 scrolls of silence {!r}
 i - 6 scrolls of teleportation {@r4}
 k - a scroll of blinking {unknown}
 m - a scroll of vulnerability {unknown}
Potions
 b - 2 potions of lignification {!q}
 l - 2 potions of curing {@q1}
 n - a potion of invisibility {unknown}
 o - a potion of haste {unknown}

Dungeon Overview and Level Annotations

Branches:
Dungeon (3/15) Zot: 16160

Altars:
Vehumet

Shops:
D:1 ? D:2

! ##.#...# #.
##.#..#...#####.
###.#.#.#.......
#.###.#...####..
##.##[.........##
##...#o.........#
#.#.........##..##
######o#.#.###..##.#..
<....ho...............
##########.#######.###
#.# #.# #.#######.#
#.........#
###########


You could see an orc priest and an orc.


Message History

Unknown command.
You hit the adder but do no damage.
You feel sick.
You are no longer poisoned.
The adder misses you. 😮 HP[-1]
You take 1 damage, and now have 15/25 hp.
You punch the adder! The adder closely misses you.
Unknown command.
You hit the adder.
You kill the adder! 😮 HP[+1] Unknown command.
You see here an adder corpse.
You start resting. 😎 HP[+9]
Your hp is fully restored (25).
You see here an adder corpse.
b - 2 potions of lignification {!q} (gained 1)
A ball python comes into view.
The ball python hisses angrily.
A ball python is nearby!
A worm and an orc come into view.
You barely miss the ball python.
The ball python bites you but does no damage.
The ball python completely misses you.
The orc shouts!
You hear a shout!
The ball python barely misses you. x2
You hear a shout!
You hit the ball python.
You kill the ball python!
You barely miss the orc.
The orc hits you with a +0 war axe! 😮 HP[-10]
You take 10 damage, and now have 15/25 hp.
MASSIVE DAMAGE!! (PAUSE)
You barely miss the orc. The orc barely misses you.
You punch the orc!
You kill the orc!
Unknown command.
Things that are here:
a +0 war axe {axe}; an orc corpse Unknown command. 😮 HP[+1] 😮 HP[+1] 😮 HP[+1]
You see here a +0 robe. 😕 HP[+1]
You start resting.
An orc comes into view. It is wielding a +0 mace. 😕 HP[+3]
You regained 3 hp, and now have 22/25 hp.
You see here 3 stones {throwing}. 😕 HP[+1]
Found a stone staircase leading up.
You hit the orc but do no damage. The orc barely misses you. 😕 HP[+1]
You hit the orc but do no damage. The orc barely misses you.
You hit the orc.
The orc hits you with a +0 mace. 😮 HP[-6]
You take 6 damage, and now have 18/25 hp.
MASSIVE DAMAGE!! (PAUSE)
You hit the orc but do no damage. You hit the orc but do no damage.
An orc priest comes into view. It is wielding a +0 club.
The orc misses you. 😕 HP[+1]
You barely miss the orc. The orc hits you with a +0 mace.
The orc priest miscasts a cantrip. 😮 HP[-2]
You take 2 damage, and now have 17/25 hp.
You hit the orc but do no damage. The orc barely misses you.
Unknown command.
You hit the orc. The orc closely misses you.
You punch the orc!
You kill the orc!
The orc priest barely misses you.
You completely miss the orc priest. The orc priest barely misses you.
An orc comes into view. It is wielding a +0 club. 😮 HP[+1]
You barely miss the orc priest. The orc priest barely misses you.
You punch the orc priest!
The orc priest hits you with a +0 club. 😮 HP[-4]
You take 4 damage, and now have 14/25 hp.
You completely miss the orc priest. Your punch misses the orc priest.
The orc priest invokes the aid of Beogh against you.
Beogh smites you!
* * * LOW HITPOINT WARNING * * *
😱 HP[-12]
You take 12 damage, and now have 2/25 hp.
MASSIVE DAMAGE!! (PAUSE)
You hit the orc priest.
Unknown command.
You hit the orc priest.
The orc priest begins to cast a cantrip, but forgets the words! 😱 HP[+1] Unknown command.
You hit the orc priest but do no damage.
The orc priest hits you with a +0 club.
* * * LOW HITPOINT WARNING * * *
The orc hits you with a +0 club.
You die...

Skill      XL: |  1  2 |
---------------+-------+-----
Unarmed Combat | 4 |  4.8
Fighting       | |  1.1
Dodging        | |  2.4
Shapeshifting  | |  3.0

Action                     |  1- 3 |  4- 6 || total
---------------------------+-------+-------++-------
  Melee: Unarmed           |    84 |    30 ||   114
         Punch             |     1 |       ||     1
    Use: Scroll            |     3 |       ||     3
   Stab: Sleeping          |     9 |       ||     9
 Armour: Animal skin       |    18 |       ||    18
         Leather armour    |     9 |    11 ||    20
  Dodge: Dodged            |    40 |    19 ||    59

Levels and vault maps discovered:
D:1:      minmay_arrival_solitary_statue, layout_rooms, serial_shops,
          nicolae_shop_tiny_waterfront
D:2:      layout_loops_ring, serial_shops, shop, basic_altar
D:3:      wad_pebble_path, layout_loops_ring

Notes
Turn   | Place    | Note
-------+----------+-------------------------------------------
     0 | D:1      | MackTheKnife the Kobold Shapeshifter began the quest for
                  | the Orb.
     0 | D:1      | Reached XP level 1. HP: 12/12 MP: 1/1
     0 | D:1      | magus.rc [v1.9.6]
   159 | D:1      | Reached XP level 2. HP: 12/16 MP: 2/2
   382 | D:1      | Reached skill level 4 in Unarmed Combat
   382 | D:1      | Reached XP level 3. HP: 20/20 MP: 3/3
   429 | D:1      | Found Zaxotot's Magic Scroll Emporium.
   497 | D:1      | Bought a scroll of identify for 28 gold pieces
   798 | D:2      | Found Jaexku's Distillery.
   804 | D:2      | Bought a potion of curing for 36 gold pieces
  1014 | D:2      | Found a radiant altar of Vehumet.
  1681 | D:3      | Reached XP level 4. HP: 25/25 MP: 4/4
  1845 | D:3      | HP: 2/25 [orc priest/divine providence (12)]
  1848 | D:3      | Slain by an orc

Vanquished Creatures
  2 adders (D:3)
  A worm (D:2)
  3 dart slugs (D:1)
  2 orcs (D:3)
  2 bats (D:1)
  4 endoplasms
  A giant cockroach (D:1)
  4 goblins
  3 hobgoblins
  2 quokkas
  3 ball pythons
  A frilled lizard (D:2)
  2 kobolds
  3 rats
33 creatures vanquished.

Table legend:
 A = Non-vault XP
 B = Vault XP
 C = Vault XP percentage of total XP
 D = Non-vault monster count
 E = Vault monster count
 F = Vault count percentage of total count
                 A         B        C        D         E       F
            +---------+---------+-------+---------+---------+-------
      Total |      90 |       0 |   0.0 |      33 |       0 |   0.0
            +---------+---------+-------+---------+---------+-------
        D:1 |      35 |       0 |   0.0 |      17 |       0 |   0.0
        D:2 |      22 |       0 |   0.0 |      11 |       0 |   0.0
        D:3 |      33 |       0 |   0.0 |       5 |       0 |   0.0
            +---------+---------+-------+---------+---------+-------

Skill      XL: |  1  2 |
---------------+-------+-----
Unarmed Combat | 4 |  4.8
Fighting       | |  1.1
Dodging        | |  2.4
Shapeshifting  | |  3.0

Action                     |  1- 3 |  4- 6 || total
---------------------------+-------+-------++-------
  Melee: Unarmed           |    84 |    30 ||   114
         Punch             |     1 |       ||     1
    Use: Scroll            |     3 |       ||     3
   Stab: Sleeping          |     9 |       ||     9
 Armour: Animal skin       |    18 |       ||    18
         Leather armour    |     9 |    11 ||    20
  Dodge: Dodged            |    40 |    19 ||    59

Illustrated notes

Table legend:
 A = Kills in this place as a percentage of kills in the entire game.
 B = Kills by you in this place as a percentage of kills by you in the entire game.
 C = Kills by friends in this place as a percentage of kills by friends in the entire game.
 D = Other kills in this place as a percentage of other kills in the entire game.
 E = Experience gained in this place as a percentage of experience gained in the entire game.
 F = Experience gained in this place divided by the number of levels of this place that you have seen.
                   A       B       C       D       E      F
               +-------+-------+-------+-------+-------+----------------------
         Total | 100.0 | 100.0 |   N/A |   N/A | 100.0 |  30.0
       Dungeon | 100.0 | 100.0 |   N/A |   N/A | 100.0 |  30.0
               +-------+-------+-------+-------+-------+----------------------

Table legend: (Time is in decaauts)
 A = Elapsed time spent in this place.
 B = Non-inter-level travel time spent in this place.
 C = Inter-level travel time spent in this place.
 D = Time resting spent in this place.
 E = Time spent auto-exploring this place.
 F = Levels seen in this place.
 G = Mean time per level.
                   A        B        C        D        E       F      G
               +--------+--------+--------+--------+--------+-----+--------+
         Total |   1838 |   1758 |     80 |    125 |   1359 |   3 |  612.7 |
       Dungeon |   1838 |   1758 |     80 |    125 |   1359 |   3 |  612.7 |
               +--------+--------+--------+--------+--------+-----+--------+

Top non-repeatable levels by time:
     D:2: 857 daAuts
     D:1: 742 daAuts
     D:3: 238 daAuts
